 Dungeon Crawl Stone Soup version 0.21.0-3-g78d12a8 (webtiles) character file.

46 Ignatius881 the Caller (level 3, -10/19 HPs)
             Began as a Deep Elf Summoner on Jan 11, 2018.
             Killed by divine providence
             ... invoked by an orc priest
              (16 damage)
             ... on level 3 of the Dungeon.
             The game lasted 00:09:16 (2495 turns).

Ignatius881 the Caller (Deep Elf Summoner)          Turns: 2495, Time: 00:09:17

Health: -10/19     AC:  2    Str:  5    XL:     3   Next: 46%
Magic:  1/10       EV: 13    Int: 20    God:
Gold:   134        SH:  0    Dex: 19    Spells: 1/10 levels left

rFire    . . .     SeeInvis .   (no weapon)
rCold    . . .     Gourm    .   (no shield)
rNeg     . . .     Faith    .   a - +0 robe
rPois    .         Spirit   .   (no helmet)
rElec    .         Reflect  .   (no cloak)
rCorr    .         Harm     .   (no gloves)
MR       .....                  (no boots)
Stlth    ++........             (no amulet)
HPRegen  0.06/turn              (no ring)
MPRegen  0.12/turn              l - +4 ring of dexterity

@: slowed, very slow
A: no striking features
a: no special abilities


You were on level 3 of the Dungeon.
You were not hungry.

You visited 1 branch of the dungeon, and saw 3 of its levels.

You collected 134 gold pieces.

Inventory:

Missiles
 k - 23 stones (quivered)
Armour
 a - a +0 robe (worn)
Jewellery
 j - an uncursed ring of wizardry
   (You found it on level 1 of the Dungeon)
 l - a +4 ring of dexterity (right hand)
   (You found it on level 2 of the Dungeon)
Scrolls
 c - 4 scrolls of remove curse {unknown}
 f - a scroll of teleportation {@r4}
 h - 2 scrolls of immolation {unknown}
Potions
 i - a potion of degeneration {unknown}
Books
 b - a book of Callings
Comestibles
 e - 7 rations


   Skills:
 - Level 2.4 Dodging
 - Level 2.4 Stealth
 + Level 4.3 Spellcasting
 + Level 5.1 Summonings


You had one spell level left.
You knew the following spells:

 Your Spells              Type           Power        Failure   Level  Hunger
a - Summon Small Mammal   Summ           ####         1%          1    None
b - Call Imp              Summ           ####....     2%          2    #......
c - Call Canine Familiar  Summ           ####....     4%          3    ###....
d - Summon Guardian Gole  Hex/Summ       ##......     13%         3    ###....


Dungeon Overview and Level Annotations

Branches:
Dungeon (3/15)

Altars:


Message History

Unknown command.
Your shadow imp closely misses the orc.
Your shadow imp hits the orc wizard.
Your crimson imp blinks!
Your shadow imp disappears in a puff of smoke!
The hobgoblin barely misses you.
The orc wizard points at you and mumbles some strange words.
The magic dart hits you!
Your shadow imp hits the orc wizard.
The hobgoblin misses you.
Your shadow imp barely misses the orc.
The hobgoblin barely misses you.
An adder comes into view.
The orc priest misses your shadow imp.
The orc wizard hits you but does no damage.
The hobgoblin hits you but does no damage.
The orc closely misses your shadow imp.
Your shadow imp gestures at the orc.
The orc barely resists.
The orc wizard casts a spell at you.
You feel yourself slow down. The hobgoblin completely misses you.
The orc hits your shadow imp with a dagger.
Your shadow imp hits the orc but does no damage.
All of the chunks of flesh in your inventory have rotted away.
Your crimson imp closely misses the orc wizard.
The orc priest hits your shadow imp. Something hits your white imp.
The orc hits your shadow imp with a dagger.
Your white imp gestures at the kobold.
The puff of frost hits the orc.
Your shadow imp barely misses the orc.
The orc closely misses your white imp.
The orc wizard points at you and mumbles some strange words.
You resist with some effort.
The kobold hits your crimson imp with a club.
Your crimson imp closely misses the hobgoblin.
The orc priest calls upon Beogh to heal the orc.
The orc's wounds heal themselves!
You barely miss the orc wizard.
The orc wizard hits you but does no damage.
The adder barely misses you. Something hits your white imp.
Your shadow imp gestures at the orc.
The orc writhes in agony!
Your white imp barely misses the orc.
The hobgoblin hits you with a club.
* * * LOW HITPOINT WARNING * * *
The orc wizard gestures wildly while chanting.
The orc wizard blinks!
Your crimson imp hits the hobgoblin.
The kobold hits your crimson imp with a club.
The orc priest invokes the aid of Beogh against you.
Beogh smites you!
Ouch! That really hurt!
You die...

#........# . .
.###........# # .. ..
...........# ... ...
#..........# ##### ..##
#...#.#.....o%.# #.^.#
.... .....!#.oK.....##.
#...# ....
.##..>5.o§5....... #.o<#
.....oooog@S.......%...oo#
....
....##5####.........##...#
##.. . #. .####.. #..o# ..
.# #...# ... .# ##### .
.... .# ## ..... .# #
###### ..


You could see 2 orc priests, an orc wizard, an adder, 4 orcs, a hobgoblin, a
kobold, a friendly crimson imp, a friendly white imp and a friendly shadow imp.

Vanquished Creatures (collateral kills)
  Natasha (D:2)
  A worker ant (D:2)
  A worm (D:2)
  A dart slug (D:2)
  A leopard gecko (D:1)
  A ball python (D:2)
  3 bats
  3 giant cockroaches
  3 goblins
  8 hobgoblins
  2 quokkas (D:2)
  2 frilled lizards
  A kobold (D:1)
  2 rats
30 creatures vanquished.

Notes
Turn   | Place    | Note
-------+----------+-------------------------------------------
     0 | D:1      | Ignatius881 the Deep Elf Summoner began the quest for the Orb.
     0 | D:1      | Reached XP level 1. HP: 10/10 MP: 6/6
   719 | D:1      | Reached XP level 2. HP: 15/15 MP: 5/8
   747 | D:1      | Learned a level 2 spell: Call Imp
  1389 | D:2      | Noticed Natasha
  1401 | D:2      | Noticed a crimson imp
  1405 | D:2      | Killed Natasha
  1405 | D:2      | Reached skill level 5 in Summonings
  1405 | D:2      | Reached XP level 3. HP: 15/19 MP: 6/10
  1444 | D:2      | Learned a level 3 spell: Call Canine Familiar
  1448 | D:2      | Learned a level 3 spell: Summon Guardian Golem
  2225 | D:3      | Noticed an orc warrior
  2495 | D:3      | Killed from afar by an orc priest

Skill      XL: |  1  2 |
---------------+-------+-----
Spellcasting   | 4 |  4.3
Summonings     | 5 |  5.1
Dodging        | |  2.4
Stealth        | |  2.4

Action                   || total
-------------------------++-------
Melee: Unarmed           ||     1
 Cast: Summon Small Mamm ||    21
       Call Imp          ||    19
       Call Canine Famil ||     2
  Use: Scroll            ||     3
  Eat: Chunk             ||     5
Armor: Robe              ||    12
Dodge: Dodged            ||    48
